 Dungeon Crawl Stone Soup version 0.26.1-2-gb8aa6d0cf2 (webtiles) character file.

Game seed: 14847185407466971362

1058 Almogavar the Cudgeller (level 8, -5/48 HPs)
             Began as a Gargoyle Fighter on Mar 23, 2021.
             Killed by divine providence
             ... invoked by an orc priest
              (14 damage)
             ... on level 5 of the Dungeon.
             The game lasted 00:13:22 (4281 turns).

Almogavar the Cudgeller (Gargoyle Fighter)          Turns: 4281, Time: 00:13:23

Health: -5/48      AC: 16    Str: 22    XL:     8   Next: 27%
Magic:  8/8        EV:  6    Int:  9    God:
Gold:   210        SH: 11    Dex:  9    Spells: 7/7 levels left

rFire    . . .     SeeInvis .   a - +3 flail
rCold    . . .     Faith    .   c - +1 kite shield
rNeg     + . .     Spirit   .   p - +0 chain mail
rPois    ∞         Reflect  .   n - +0 helmet
rElec    +         Harm     .   (no cloak)
rCorr    .         Rampage  .   (no gloves)
Will     .....                  (no boots)
Stlth    ..........             (no amulet)
HPRegen  0.16/turn              (no ring)
MPRegen  0.11/turn              (no ring)

@: no status effects
A: negative energy resistance 1, electricity resistance, unbreathing,
petrification resistance, miasma immunity, AC +5
a: no special abilities


You were on level 5 of the Dungeon.
You visited 1 branch of the dungeon, and saw 5 of its levels.
You also visited: Ossuary.

You collected 210 gold pieces.

Inventory:

Hand Weapons
 a - a +3 flail (weapon)
Armour
 c - a +1 kite shield (worn)
 n - a +0 helmet (worn)
 p - a +0 chain mail (worn)
Scrolls
 e - 2 scrolls of fog
 g - 3 scrolls of teleportation
 h - 3 scrolls of enchant armour
 k - a scroll of enchant weapon
 m - a scroll of remove curse
Potions
 d - 2 potions of might
 f - a potion of lignification
 i - 2 potions of mutation
 j - a potion of attraction
 l - a potion of cancellation
 o - a potion of berserk rage
 q - a potion of curing
 s - a potion of invisibility {unknown}


   Skills:
 + Level 4.5 Fighting
 + Level 7.1 Maces & Flails
 + Level 4.7 Armour
 + Level 1.3 Dodging
 + Level 0.2 Stealth
 + Level 5.7 Shields


You had 7 spell levels left.
You didn't know any spells.
Your spell library was empty.

Dungeon Overview and Level Annotations

Branches:
Dungeon (5/15)            Ossuary (visited)
 Temple: D:4-7

Altars:
Ashenzari
Fedhas
Wu Jian
Zin
The Shining One


Innate Abilities, Weirdness & Mutations

You are resistant to torment.
Your stone body is resilient. (AC +5)
You are immune to poison.
You resist negative energy. (rN+)
You are resistant to electric shocks. (rElec)
You can survive without breathing.
You are immune to petrification.
You are immune to miasma.


Message History

Something hits you but does no damage. x2
Unknown command.
The orc wizard miscasts a cantrip.
Something hits you but does no damage.
You hear some strange, mumbled words.
A puff of frost appears from out of thin air!
The puff of frost hits you!
* * * LOW HITPOINT WARNING * * *
You hear some strange, mumbled words.
A puff of flame appears from out of thin air!
The puff of flame hits you.
* * * LOW HITPOINT WARNING * * *
Things that are here:
a +0 shortbow; 9 arrows It was a potion of curing.
You feel better.
The orc wizard casts a spell.
The orc wizard seems to speed up.
Something hits you but does no damage.
The orc priest calls down the wrath of Beogh upon you.
Beogh smites you!
You die...

*,,,,,,,,,,#..#.##..######.......
*,,,,,,,,,,+..#....'#######'#####
*,,,,,,,,,,*#<.....#...#...## #
*,,,,,,,,,,*#.#.((##.>.#...#*****
*,,,,,,,,,,*#,#..(##...#...#*,,,,
*,,,,,,,,,,,,,#..(##########*,,,,
*,,,,,,,,,,,**#...#*...#...**,,,,
*,,,,,,,,,,,* #..(##.>.#.>.#*<,,,
*,,,,,,,,,,,* #.@(.#...#..$#,,**,
*,,,,,,,,,,,* #....+##*####+,***,
*,,,,,,,,,,,* #...5## ### **** *,
*,,,,,,,,,,.###....o###.# *,
*,,,,,,,,,,.......Z...#.##### *,
*,,,,,,,,,,...........#.....# *,
***,,,,****#..........#.....# *,
*,,,,* #########o##.....# *,
*,,,,* #o##.....#***,


You could see an orc priest, a shadow imp, an orc and a worker ant zombie.

Vanquished Creatures
  A phantom (D:5)
  An ogre (D:2)
  2 centaurs (D:5)
  An elf zombie (Ossuary)
  2 human zombies (Ossuary)
  3 hounds (D:4)
  3 orc wizards
  2 orc priests (D:5)
  A bullfrog skeleton (D:5)
  An iguana (D:4)
  Natasha (D:2)
  A worker ant (D:5)
  A big kobold zombie (Ossuary)
  2 mummies (Ossuary)
  7 adders
  2 white imps (D:5)
  3 adder zombies (Ossuary)
  4 worms
  3 dart slugs
  2 leopard geckos
  13 orcs
  A ball python (D:1)
  6 bats
  3 giant cockroaches
  6 goblins
  9 hobgoblins
  2 jackals (D:2)
  2 quokkas
  3 frilled lizards
  10 hobgoblin zombies (Ossuary)
  A jackal zombie (Ossuary)
  7 kobolds
  9 kobold zombies (Ossuary)
  A leopard gecko zombie (D:5)
  8 orc zombies (Ossuary)
  6 rats
  A rat zombie (Ossuary)
131 creatures vanquished.

Notes
Turn   | Place    | Note
-------+----------+-------------------------------------------
     0 | D:1      | Almogavar the Gargoyle Fighter began the quest for the Orb.
     0 | D:1      | Reached XP level 1. HP: 14/14 MP: 1/1
   100 | D:1      | Reached XP level 2. HP: 19/19 MP: 2/2
   557 | D:2      | Reached XP level 3. HP: 15/23 MP: 3/3
   719 | D:2      | Found an ornate altar of the Wu Jian Council.
   743 | D:2      | Noticed an ogre
   766 | D:2      | Killed an ogre
   767 | D:2      | Reached skill level 3 in Maces & Flails
   767 | D:2      | Reached XP level 4. HP: 8/29 MP: 4/4
   767 | D:2      | Reached XP level 5. HP: 9/33 MP: 5/5
  1104 | D:2      | Noticed a spectral centipede
  1104 | D:2      | Noticed a spectral black mamba
  1104 | D:2      | Noticed a spectral cane toad
  1124 | D:2      | Found a glowing golden altar of the Shining One.
  1332 | D:2      | Noticed Natasha
  1341 | D:2      | Killed Natasha
  1982 | D:3      | Reached skill level 4 in Maces & Flails
  1982 | D:3      | Reached XP level 6. HP: 27/38 MP: 6/6
  2423 | D:4      | Found a blossoming altar of Fedhas.
  2577 | D:4      | Reached skill level 5 in Shields
  2725 | D:4      | Reached skill level 5 in Maces & Flails
  3155 | D:4      | Found a broken altar of Ashenzari.
  3333 | D:5      | Entered Level 5 of the Dungeon
  3343 | D:5      | Reached XP level 7. HP: 42/42 MP: 7/7
  3441 | D:5      | Reached skill level 1 in Dodging
  3450 | D:5      | Found a sand-covered staircase.
  3455 | Ossuary  | Entered an ossuary
  3872 | Ossuary  | Reached skill level 6 in Maces & Flails
  3999 | D:5      | Found a glowing silver altar of Zin.
  4095 | D:5      | Reached XP level 8. HP: 48/48 MP: 8/8
  4184 | D:5      | Reached skill level 7 in Maces & Flails
  4270 | D:5      | HP: 2/48 [something/puff of flame (8)]
  4278 | D:5      | HP: 1/48 [something/puff of flame (5)]
  4281 | D:5      | Killed from afar by an orc priest

Illustrated notes

Levels and vault maps discovered:
D:1:      amcnicky_arrival_choice, layout_rooms, minivault_11,
          minmay_misc_feat_nine_boxes, minmay_hexomino_u4
D:2:      layout_rooms, doesnt_xom_only_xom, overflow_temple_1_default,
          pdpol_wu_jian_five_deadly_venoms, minmay_misc_feat_columns,
          nrook_mini_backslash, minivault_4, minmay_puff, uniq_natasha
D:3:      layout_rooms
D:4:      minmay_recursive_quarters, layout_basic, cheibrodos_ashenzari_chains,
          fedhas_altar_1
D:5:      layout_basic, lemuel_round_altar, serial_shops,
          nicolae_shop_overgrown_old_shop, nicolae_ossuary_entry_false_entrances

Skill      XL: |  1  2  3  4  5  6  7  8 |
---------------+-------------------------+-----
Maces & Flails | 3 4 5 6 7 |  7.1
Armour         | 4 |  4.7
Shields        | 4 5 |  5.7
Fighting       | 4 |  4.5
Dodging        | 1 |  1.3
Stealth        | |  0.2

Action                   |  1- 3 |  4- 6 |  7- 9 || total
-------------------------+-------+-------+-------++-------
Melee: Flail             |    80 |   243 |   192 ||   515
  Use: Scroll            |     1 |     6 |     9 ||    16
       Potion            |       |       |     2 ||     2
Armor: Scale mail        |    32 |   101 |       ||   133
       Chain mail        |       |    36 |    90 ||   126
Dodge: Dodged            |    31 |    92 |    39 ||   162
Block: Kite shield       |    51 |   168 |   102 ||   321
